AoeStats
← vivrant

Nomad

509693449Analyzed
4v4 RM · 5d ago on Sep 27, 2026· 51m 46s· 8 players
Game mode
Random Map
Map size
231×231
Population
200
Speed
Normal
Resources
Standard
Victory
Conquest
Starting age
Dark Age
Ending age
Imperial Age
RankedLock teamsTeams togetherTeam positionsShared explorationLock speedFull tech treeHidden civsTurbo modeCheats
Victory
Defeat
🇲🇽 Vietnamese · Mexico
977
+14
🇲🇽 Britons · Mexico
894
+17
🇲🇽 Koreans · Mexico
892
+17
🇨🇦 Vikings · Canada
872
+18
🇪🇸 Spanish · Spain
974
-19
🇦🇷 Huns · Argentina
947
-18
🇦🇷 Lithuanians · Argentina
886
-15
🇵🇪 Franks · Peru
861
-14
VicRoldanG
3:47 Loom
16:53 Feudal Age
17:30 Double-Bit Axe
17:32 Fishing Lines
19:09 Wheelbarrow
19:19 Gold Mining
24:34 Castle Age
22:57 Forging
23:00 Stone Mining
23:37 Fletching
25:10 Gillnets
25:35 Bow Saw
26:04 Gold Shaft Mining
27:53 Scale Barding Armor
28:16 Husbandry
31:52 Horse Collar
33:05 Hand Cart
34:53 Iron Casting
35:29 Light Cavalry
40:32 Imperial Age
40:05 Coinage
40:33 Stone Shaft Mining
41:10 Chain Barding Armor
41:41 Conscription
40:44 Cavalier
41:41 Scale Mail Armor
41:38 Bodkin Arrow
42:47 Chemistry
41:29 Treadmill Crane
42:09 Ballistics
42:32 Bracer
41:56 Elite War Wagon
45:30 Guilds
45:51 Banking
45:22 Caravan
45:30 Hussar
46:30 Chain Mail Armor
48:33 Elite Turtle Ship
51:07 Shinkichon
Crispocivil
13:14 Loom
16:05 Feudal Age
16:34 Double-Bit Axe
18:04 Fishing Lines
19:57 Wheelbarrow
23:25 Castle Age
21:33 Stone Mining
21:56 Forging
21:52 Scale Barding Armor
27:20 Gold Mining
29:28 Stone Shaft Mining
29:23 Bloodlines
29:52 Iron Casting
29:38 Chain Barding Armor
34:29 Gillnets
40:08 Imperial Age
37:50 Fletching
38:34 Bow Saw
39:15 Bodkin Arrow
39:20 Padded Archer Armor
44:56 Two-Man Saw
44:04 Horse Collar
45:47 Chemistry
45:08 Ballistics
45:44 Paper Money
45:32 Bracer
46:25 Heavy Plow
46:10 Elite Rattan Archer
46:53 Chatras
47:11 Leather Archer Armor
47:31 Plate Barding Armor
47:02 Treadmill Crane
47:33 Masonry
48:28 Husbandry
vivrant
19:03 Feudal Age
19:25 Loom
26:33 Castle Age
28:31 Fletching
29:36 Bodkin Arrow
32:23 Scale Mail Armor
32:34 Forging
37:48 Chain Mail Armor
43:21 Pikeman
SER
5:55 Loom
Deadpool39
4:46 Loom
14:19 Feudal Age
16:06 Double-Bit Axe
19:22 Gold Mining
23:21 Castle Age
23:49 Bloodlines
24:02 Light Cavalry
27:06 Scale Barding Armor
28:32 Forging
32:33 Chain Barding Armor
37:51 Imperial Age
42:51 Fletching
43:24 Padded Archer Armor
44:34 Iron Casting
43:29 Cavalier
45:15 Conscription
SGTSanju
ricky
5:12 Loom
15:34 Feudal Age
19:41 Castle Age
17:56 Fletching
18:01 Fishing Lines
18:51 Gold Mining
22:25 Bodkin Arrow
27:05 Gold Shaft Mining
27:35 Thumb Ring
27:44 Forging
29:11 Wheelbarrow
29:24 Pikeman
32:55 Hand Cart
34:04 Double-Bit Axe
39:31 Scale Barding Armor
41:06 Gillnets
41:59 Ballistics
42:47 Padded Archer Armor
44:06 Elite Skirmisher
46:11 Marauders
49:31 Imperial Age
46:47 Town Watch
51:05 Conscription
Wolfenar
5:04 Loom
Connection lost

Rejoining the realm…

Still unreachable

The connection could not be restored.

Session expired

The server has moved on; the page needs a fresh start.